 Dungeon Crawl Stone Soup version 0.29-a0-82-g837932c90e (webtiles) character file.

Game seed: 2213821843062840047

65807 lorenzova the Eclecticist (level 14, -3/76 HPs)
             Began as a Deep Elf Conjurer on Feb 4, 2022.
             Was a High Priest of Vehumet.
             Slain by a seven-headed hydra (6 damage)
             ... on level 1 of the Swamp.
             The game lasted 01:17:24 (24005 turns).

lorenzova the Eclecticist (Deep Elf Conjurer)      Turns: 24005, Time: 01:17:24

Health: -3/76      AC:  7    Str:  4    XL:     14   Next: 76%
Magic:  46/46      EV: 10    Int: 29    God:    Vehumet [*****.]
Gold:   412        SH:  0    Dex: 13    Spells: 20/48 levels left

rFire   . . .      SeeInvis .   S - +8 whip "Snakebite" {venom, curare, rPois}
rCold   . . .      Faith    .   (no shield)
rNeg    . . .      Spirit   .   Y - +2 leather armour {Will+}
rPois   +          Reflect  .   (no helmet)
rElec   .          Harm     .   w - +0 cloak
rCorr   .          Rampage  .   (no gloves)
Will    ++...                   R - +0 pair of boots
Stlth   ++++......              F - amulet of magic regeneration
HPRegen 0.22/turn               u - ring of magical power
MPRegen 0.70/turn               a - ring of Balance {Fly Slay+3}

@: about to teleport, marked, grasped by roots, flying, constricted
A: no striking features
a: Renounce Religion


You were on level 1 of the Swamp.
You worshipped Vehumet.
Vehumet was extremely pleased with you.
You visited 4 branches of the dungeon, and saw 20 of its levels.
You also visited: Sewer.

You collected 1252 gold pieces.
You spent 840 gold pieces at shops.

Inventory:

Hand Weapons
 p - a +2 dagger of freezing
 S - the +8 whip "Snakebite" (weapon) {venom, curare, rPois}
   (You found it on level 4 of the Lair of Beasts)

   It poisons the flesh of those it strikes.
   It occasionally inflicts asphyxiating poison on those it strikes, dealing
   poison damage and causing slowness.
   rPois:     It protects you from poison.
Missiles
 y - a throwing net
Armour
 j - an orb of mayhem
 w - a +0 cloak (worn)
 L - a +1 troll leather armour {Snorg}
 R - a +0 pair of boots (worn)
 T - the +0 ring mail "Mikeufit" {rPois}
   (You found it on level 5 of the Lair of Beasts)

   rPois:     It protects you from poison.
 U - the +0 helmet of Xoafeito {Str+8 Int-4 SInv Stlth-}
   (You bought it in a shop on level 9 of the Dungeon)

   Str:       It affects your strength (+8).
   Int:       It affects your intelligence (-4).
   SInv:      It lets you see invisible.
   Stlth:     It makes you less stealthy.
 W - +0 acid dragon scales
 Y - a +2 leather armour of willpower (worn)
Magical Staves
 O - a staff of cold
Jewellery
 a - the ring of Balance (right hand) {Fly Slay+3}
   (You found it on level 9 of the Dungeon)

   [ring of flight]

   Slay:      It affects your accuracy & damage with ranged weapons and melee
   (+3).
   Fly:       It grants you flight.
 g - an amulet of regeneration
 s - a +6 ring of strength
 u - a ring of magical power (left hand)
 F - an amulet of magic regeneration (around neck)
 I - an amulet of reflection
 Q - a +4 ring of protection
 X - a ring of wizardry
Wands
 l - a wand of flame (21)
 v - a wand of acid (14)
 z - a wand of polymorph (4)
 G - a wand of iceblast (12)
 K - a wand of paralysis (7)
Scrolls
 c - a scroll of holy word
 d - 5 scrolls of enchant weapon
 f - 3 scrolls of vulnerability
 k - 2 scrolls of summoning {unknown}
 m - 8 scrolls of teleportation
 x - 3 scrolls of torment {unknown}
 A - 2 scrolls of fog {unknown}
 D - a scroll of noise {unknown}
 E - 4 scrolls of immolation {unknown}
 H - 2 scrolls of enchant armour {unknown}
 J - 4 scrolls of amnesia {unknown}
 V - 3 scrolls of identify
Potions
 b - 3 potions of heal wounds
 e - 3 potions of brilliance
 h - 2 potions of might
 i - 3 potions of lignification
 n - 2 potions of mutation
 o - a potion of magic
 q - a potion of ambrosia
 r - a potion of attraction
 t - 5 potions of curing
 B - 4 potions of haste
 C - a potion of invisibility
 M - a potion of cancellation
 N - a potion of resistance
 P - 4 potions of flight


   Skills:
 + Level 4.9 Fighting
 + Level 7.6 Dodging
 + Level 8.3 Stealth
 * Level 17.9 Spellcasting
 * Level 15.6 Conjurations
 - Level 8.1 Hexes
 - Level 6.0 Translocations
 * Level 9.8 Fire Magic
 * Level 8.5 Air Magic


You had 20 spell levels left.
You knew the following spells:

 Your Spells              Type           Power      Damage    Failure   Level
a - Magic Dart            Conj           100%       1d8       0%          1
b - Iskenderun's Battles  Conj           86%        2d13      1%          5
c - Iskenderun's Mystic   Conj/Tloc      73%        2d15      1%          4
d - Fulminant Prism       Conj/Hex       38%        3d18      1%          4
e - Searing Ray           Conj           100%       2d8       0%          2
h - Swiftness             Air            66%        N/A       1%          3
l - Lightning Bolt        Conj/Air       38%        1d57      1%          5
s - Sticky Flame          Conj/Fire      79%        2d9       1%          4

Your spell library contained the following spells:

 Spells                   Type           Power      Damage    Failure   Level
 Foxfire                  Conj/Fire      100%       2x1d9     0%          1
 Freeze                   Ice            100%       1d11      1%          1
 Slow                     Hex            100%       N/A       1%          1
 Ensorcelled Hibernation  Hex/Ice        98%        N/A       1%          2
 Poisonous Vapours        Pois/Air       100%       N/A       1%          2
 Confusing Touch          Hex            65%        N/A       1%          3
 Conjure Flame            Conj/Fire      79%        6-21      1%          3
 Dazzling Flash           Conj/Hex       100%       N/A       1%          3
 Ignite Poison            Fire/Tmut/Pois 45%        N/A       1%          3
 Inner Flame              Hex/Fire       67%        N/A       1%          3
 Mephitic Cloud           Conj/Pois/Air  64%        N/A       1%          3
 Tukima's Dance           Hex            65%        N/A       1%          3
 Flame Wave               Conj/Fire      79%        2d14      1%          4
 Freezing Cloud           Conj/Ice/Air   32%        6-21      1%          5
 Passage of Golubria      Tloc           57%        N/A       2%          4
 Silence                  Hex/Air        32%        N/A       2%          5
 Sting                    Tmut/Pois      100%       1d8       3%          1
 Passwall                 Tmut/Erth      21%        N/A       4%          2
 Anguish                  Hex/Necr       24%        N/A       5%          4
 Leda's Liquefaction      Hex/Erth       24%        N/A       5%          4
 Ozocubu's Armour         Ice            26%        N/A       9%          3
 Vampiric Draining        Necr           26%        2d7       9%          3
 Olgreb's Toxic Radiance  Pois           26%        N/A       9%          4
 Metabolic Englaciation   Hex/Ice        24%        N/A       16%         5
 Lee's Rapid Deconstruct  Erth           13%        3d10*     21%         5
 Summon Ice Beast         Ice/Summ       26%        N/A       30%         4
 Enfeeble                 Hex            32%        N/A       65%         7
 Lehudib's Crystal Spear  Conj/Erth      32%        10d8      86%         8
 Simulacrum               Ice/Necr       13%        N/A       99%         6
 Statue Form              Tmut/Erth      17%        N/A       99%         6
 Ozocubu's Refrigeration  Ice            13%        4d7       99%         7
 Malign Gateway           Summ/Tloc      21%        N/A       100%        7
 Summon Horrible Things   Summ           13%        N/A       100%        8


Dungeon Overview and Level Annotations

Branches:
Dungeon (11/15)            Temple (0/1) D:6            Lair (6/6) D:11
  Swamp (2/4) Lair:3       Spider (0/4) Lair:2        Slime (0/5) Lair:5
    Orc (1/2) D:10          Sewer (visited)

Altars:
Ashenzari
Fedhas
Nemelex Xobeh
Sif Muna
Uskayaw
Vehumet
Xom
Beogh
Jiyva

Shops:
D:8 !   D:9 [

Annotations:
D:7 Maggie
Lair:3 1 runed translucent door, navier's ghost, journeyman GrEE
Lair:5 exclusion: downstairs
Swamp:1 exclusion: downstairs, Josephine; Mlioglotl
Swamp:2 Frances


Message History

Mlioglotl seems to grow stronger.
A starcursed mass splits.
Your surroundings suddenly seem different. 2 wraiths, a shambling mangrove, a seven-headed hydra and a swamp worm come into view.
Found a potion of mutation.
A swamp worm comes into view.
Okay, then.
The shambling mangrove misses you.
Mlioglotl churns violently!
Mlioglotl corrupts the dungeon around him!
The neqoxec shouts!
You hear a horrible gurgling sound!
The swamp worm fires a harpoon shot at you.
The harpoon shot hits you!
You are yanked forward by the harpoon shot. 2 wraiths and a five-headed hydra come into view.
The swamp worm fires a harpoon shot at you.
The harpoon shot hits you.
You are yanked forward by the harpoon shot.
Josephine the Decaying Necromancer comes into view.
She is wielding a +0 dagger and wearing a +2 robe of cold resistance.
Found 9 gold pieces.
Casting: Magic Dart (safe; 0% risk of failure)
Confirm with . or Enter, or press ? or * to list all spells.
Okay, then.
As you read the scroll of teleportation, it crumbles to dust.
You feel strangely unstable.
You are no longer terrified.
The swamp worm barely misses you. The swamp worm completely misses you.
Roots burst forth from the earth!
The grasping roots grab you! The grasping roots constrict you!!
* * * LOW HITPOINT WARNING * * *
A swamp worm comes into view.
The seven-headed hydra bites you but does no damage.
The seven-headed hydra bites you.
* * * LOW HITPOINT WARNING * * *
The seven-headed hydra bites you.
* * * LOW HITPOINT WARNING * * *
The seven-headed hydra bites you but does no damage. x2
The seven-headed hydra bites you.
You die...

..#...≈♣♣♣.≈≈≈..♣♣
..##.≈.♣ ♣≈≈≈≈..≈♣ .§≈
.≈#...≈♣ ♣≈≈≈≈≈.≈♣♣♣♣§≈.
..#.≈.≈♣♣♣§≈≈≈≈..≈..$.≈≈
.......≈♣♣.!≈≈≈≈.≈§§≈.♣
.≈≈.......≈.≈≈≈≈.≈≈≈≈.♣♣
≈≈≈≈≈.3...≈.≈≈≈≈.≈≈≈≈...
..≈≈≈≈≈≈♣♣.W≈≈≈..w....≈.
..≈≈≈≈≈≈♣♣.fW..D@♣♣..(
..≈≈≈≈.♣♣.≈≈n≈.w....≈@..
..≈≈≈≈.≈>X≈≈≈≈.≈...≈≈...
.≈.≈≈..#.*§♣♣≈♣♣..≈♣♣..♣
≈§[....≈≈..♣♣♣♣♣D≈W≈≈♣♣♣
≈≈...≈≈#≈≈≈.♣ ♣≈≈≈≈≈≈
≈*.*.#i..≈≈.≈ ♣≈≈≈≈≈≈
≈≈.≈≈...)≈≈≈# ♣♣≈≈≈Ww♣
...≈≈≈≈†≈≈≈≈≈ ≈≈≈≈


You could see Mlioglotl (strong), a shambling mangrove, a seven-headed hydra, a
five-headed hydra, Josephine, 3 swamp worms, 4 wraiths, a bloated husk and a
friendly battlesphere.

Vanquished Creatures
  Nessos (Lair:4)
  A bunyip (Swamp:1)
  Snorg (D:11)
  A fire dragon (Lair:6)
  Harold (D:7)
  14 hydras
  2 boulder beetles
  A catoblepas (Lair:6)
  2 alligators (Swamp:1)
  A two-headed ogre (D:10)
  2 tengu warriors (D:10)
  14 death yaks (Lair:6)
  Sonja (D:11)
  A spriggan druid (Swamp:2)
  A swamp dragon (Lair:6)
  2 bog bodies
  2 lindwurms (Lair:6)
  2 orc knights (D:10)
  3 wolf spiders
  2 cyclopes (D:11)
  2 manticores (Lair:6)
  A centaur zombie (D:11)
  10 black mambas
  10 elephants
  10 cane toads
  2 torpor snails
  4 rime drakes
  8 komodo dragons
  2 polar bears
  4 blink frogs (Lair:6)
  3 hornets
  A tyrant leech (Swamp:2)
  2 dream sheep (Lair:6)
  2 culicivoras (Lair:2)
  A shadow (D:11)
  5 wyverns
  44 yaks
  4 spriggans
  A wraith (D:11)
  5 basilisks
  A steam dragon (Lair:6)
  Menkaure (D:8)
  7 swamp worms
  3 acid dragons (Lair:6)
  17 water moccasins
  2 sky beasts
  6 orc warriors
  3 black bears
  3 ice beasts
  A necrophage (D:5)
  11 wolves
  3 ogres
  7 centaurs
  A phantom (D:6)
  3 kobold brigands
  9 bullfrogs
  A water moccasin skeleton (D:4)
  6 killer bees (D:11)
  8 wights (D:9)
  6 howler monkeys
  A bullfrog zombie (D:6)
  9 hounds
  9 orc priests
  2 gnoll shamans
  A bullfrog skeleton (D:5)
  A centaur skeleton (D:7)
  5 jellies
  6 iguanas
  3 orc wizards
  A hound zombie (D:5)
  A hound skeleton (D:4)
  A howler monkey zombie (D:8)
  11 gnolls
  7 adders
  A shadow imp (D:5)
  2 ufetubi (D:5)
  An adder skeleton (D:4)
  2 worms
  51 orcs
  6 endoplasms
  2 giant cockroaches (D:3)
  7 goblins
  6 hobgoblins
  4 jackals (Sewer)
  17 kobolds
  5 quokkas
  4 ball pythons
  4 bats
  A frilled lizard (D:3)
  6 rats
452 creatures vanquished.

Vanquished Creatures (others)
  A bloated husk (Swamp:1)
  48 fulminant prisms
  21 fungi
  46 plants
116 creatures vanquished.

Grand Total: 568 creatures vanquished

Notes
Turn   | Place    | Note
-------+----------+-------------------------------------------
     0 | D:1      | lorenzova the Deep Elf Conjurer began the quest for the
                  | Orb.
     0 | D:1      | Reached XP level 1. HP: 10/10 MP: 6/6
   365 | D:1      | Found a faded altar of an unknown god.
   511 | D:1      | Reached XP level 2. HP: 15/15 MP: 5/8
   514 | D:1      | Learned a level 2 spell: Searing Ray
  1310 | D:2      | Reached skill level 4 in Spellcasting
  1373 | D:2      | Reached skill level 5 in Conjurations
  1373 | D:2      | Reached XP level 3. HP: 12/19 MP: 4/10
  1643 | D:2      | Found a radiant altar of Vehumet.
  1864 | D:2      | Became a worshipper of Vehumet
  2288 | D:3      | Found a glowing drain.
  2292 | Sewer    | Entered a sewer
  2411 | Sewer    | Noticed a water moccasin
  2439 | Sewer    | Killed a water moccasin
  2440 | Sewer    | Reached skill level 5 in Spellcasting
  2440 | Sewer    | Reached XP level 4. HP: 13/24 MP: 2/13
  2440 | Sewer    | Reached XP level 5. HP: 15/28 MP: 2/15
  3529 | D:4      | Reached skill level 6 in Spellcasting
  3729 | D:4      | Reached XP level 6. HP: 29/32 MP: 6/17
  3809 | D:4      | Reached * piety under Vehumet
  3809 | D:4      | Offered knowledge of Freeze by Vehumet.
  4116 | D:4      | Reached skill level 7 in Spellcasting
  4310 | D:4      | Found a broken altar of Ashenzari.
  4495 | D:5      | Entered Level 5 of the Dungeon
  4571 | D:5      | Reached XP level 7. HP: 36/36 MP: 15/20
  4918 | D:5      | You fall into a shaft and drop 2 floors!
  4975 | D:8      | Found Hucuigel's Distillery.
  4981 | D:8      | Noticed a hornet
  4988 | D:7      | Noticed Menkaure
  5002 | D:8      | Killed Menkaure
  5003 | D:8      | Reached skill level 8 in Spellcasting
  5234 | D:7      | Noticed Maggie
  5337 | D:6      | Found a staircase to the Ecumenical Temple.
  5510 | D:6      | Reached skill level 9 in Spellcasting
  5510 | D:6      | Reached XP level 8. HP: 41/41 MP: 18/23
  5553 | D:6      | Learned a level 4 spell: Iskenderun's Mystic Blast
  5558 | D:6      | Learned a level 4 spell: Fulminant Prism
  5756 | D:6      | Reached skill level 1 in Hexes
  5756 | D:6      | Reached skill level 1 in Translocations
  5921 | D:6      | Offered knowledge of Sandblast by Vehumet.
  5997 | D:5      | Reached ** piety under Vehumet
  6126 | D:5      | Found a hide-covered altar of Uskayaw.
  6126 | D:5      | Found a radiant altar of Vehumet.
  6126 | D:5      | Found a sparkling altar of Nemelex Xobeh.
  6143 | D:5      | Reached skill level 10 in Spellcasting
  6329 | D:5      | Found a blossoming altar of Fedhas.
  6458 | D:5      | Learned a level 3 spell: Swiftness
  7562 | D:6      | Reached XP level 9. HP: 42/45 MP: 15/25
  8386 | D:7      | Reached skill level 1 in Air Magic
  8563 | D:7      | Noticed Harold
  8576 | D:7      | Killed Harold
  8577 | D:7      | Reached skill level 11 in Spellcasting
  8577 | D:7      | Reached skill level 10 in Conjurations
  8577 | D:7      | Offered knowledge of Stone Arrow by Vehumet.
  9206 | D:7      | Reached *** piety under Vehumet
  9207 | D:7      | Reached skill level 5 in Hexes
  9710 | D:8      | Bought a potion of curing for 30 gold pieces
  9710 | D:8      | Bought a potion of haste for 100 gold pieces
  9710 | D:8      | Bought a potion of invisibility for 80 gold pieces
  9777 | D:8      | Reached XP level 10. HP: 50/50 MP: 17/27
  9955 | D:8      | Reached skill level 12 in Spellcasting
 10434 | D:9      | Offered knowledge of Inner Flame by Vehumet.
 10691 | D:9      | Identified the ring of Balance {Fly Slay+3}
 11138 | D:9      | Found Puro's Antique Armour Boutique.
 11172 | D:9      | Reached skill level 5 in Translocations
 11328 | D:9      | Reached skill level 5 in Air Magic
 11530 | D:10     | Entered Level 10 of the Dungeon
 11530 | D:10     | Noticed a tengu warrior
 11532 | D:10     | Noticed a tengu warrior
 11560 | D:10     | Reached **** piety under Vehumet
 11678 | D:10     | Noticed an orc knight
 11798 | D:10     | Offered knowledge of Iskenderun's Battlesphere by Vehumet.
 11815 | D:10     | Learned a level 5 spell: Iskenderun's Battlesphere
 11869 | D:10     | Noticed a two-headed ogre
 11874 | D:10     | Killed a two-headed ogre
 11946 | D:10     | Reached skill level 13 in Spellcasting
 11966 | D:10     | Killed a tengu warrior
 11974 | D:10     | Killed an orc knight
 11975 | D:10     | Reached XP level 11. HP: 54/54 MP: 11/30
 12128 | D:10     | Killed a tengu warrior
 12395 | D:10     | Found a staircase to the Orcish Mines.
 12429 | D:10     | Noticed an orc knight
 12431 | D:10     | Noticed a boulder beetle
 12557 | D:10     | Killed a boulder beetle
 12644 | D:10     | Killed an orc knight
 12732 | D:10     | Found a shimmering blue altar of Sif Muna.
 13211 | D:11     | Noticed Snorg
 13233 | D:11     | Killed Snorg
 13237 | D:11     | Reached skill level 14 in Spellcasting
 13324 | D:11     | Noticed a six-headed hydra
 13328 | D:11     | Killed a six-headed hydra
 13392 | D:11     | Reached ***** piety under Vehumet
 13393 | D:11     | Offered knowledge of Sticky Flame by Vehumet.
 13399 | D:11     | Learned a level 4 spell: Sticky Flame
 13536 | D:11     | Reached skill level 1 in Fire Magic
 13586 | D:11     | Found a staircase to the Lair.
 13739 | D:11     | Noticed Sonja
 13746 | D:11     | Killed Sonja
 13905 | Lair:1   | Entered Level 1 of the Lair of Beasts
 13988 | Lair:1   | Reached XP level 12. HP: 59/59 MP: 27/32
 14978 | Lair:2   | Reached skill level 1 in Fighting
 14993 | Lair:2   | Found a hole to the Spider Nest.
 15022 | Lair:2   | Reached skill level 15 in Spellcasting
 15097 | Lair:2   | Got Hiziatwaunn's Papyrus of the Glacier
 15700 | Lair:3   | Found a runed translucent door.
 15700 | Lair:3   | Found a shimmering altar of Xom.
 15700 | Lair:3   | Noticed navier's ghost (journeyman GrEE)
 15741 | Lair:3   | Reached skill level 5 in Fire Magic
 15880 | Lair:3   | Found a staircase to the Swamp.
 16115 | Lair:3   | Noticed a five-headed hydra
 16122 | Lair:3   | Killed a five-headed hydra
 16383 | Lair:4   | Noticed Nessos
 16658 | Lair:5   | Found a viscous altar of Jiyva.
 16658 | Lair:5   | Found a staircase to the Slime Pits.
 16867 | Lair:4   | Killed Nessos
 16868 | Lair:4   | Reached skill level 5 in Stealth
 17103 | Lair:4   | Noticed a six-headed hydra
 17117 | Lair:4   | Killed a six-headed hydra
 17118 | Lair:4   | Reached XP level 13. HP: 50/68 MP: 29/34
 17392 | Lair:4   | Offered knowledge of Irradiate by Vehumet.
 17520 | Lair:4   | Found the +8 whip "Snakebite" {venom, curare, rPois}
 17577 | Lair:4   | Reached skill level 5 in Dodging
 17577 | Lair:4   | Reached skill level 16 in Spellcasting
 18624 | Lair:5   | Found the +9 scales of the Dragon King {rPois rF+ rC+
                  | Will+}
 18658 | Lair:5   | You fall into a shaft and drop 1 floor!
 18658 | Lair:6   | Entered Level 6 of the Lair of Beasts
 19309 | Lair:5   | Identified the +0 ring mail "Mikeufit" {rPois}
 19793 | D:9      | Bought a slimy helmet for 342 gold pieces
 19793 | D:9      | Identified the +0 helmet of Xoafeito {Str+8 Int-4 SInv
                  | Stlth-} (You bought it in a shop on level 9 of the Dungeon)
 19793 | D:9      | Bought a glowing scarf for 288 gold pieces
 20083 | Lair:6   | Reached skill level 17 in Spellcasting
 20093 | Lair:6   | Reached XP level 14. HP: 76/76 MP: 19/37
 20283 | Lair:6   | Reached skill level 15 in Conjurations
 21080 | Lair:6   | Offered knowledge of Lightning Bolt by Vehumet.
 21087 | Lair:6   | Learned a level 5 spell: Lightning Bolt
 22932 | Orc:1    | Entered Level 1 of the Orcish Mines
 22934 | Orc:1    | Noticed an orc warlord
 23070 | Swamp:1  | Entered Level 1 of the Swamp
 23875 | Swamp:2  | Noticed Frances
 23998 | Swamp:1  | Noticed Mlioglotl
 23999 | Swamp:1  | Noticed a starcursed mass
 24004 | Swamp:1  | Noticed Josephine
 24005 | Swamp:1  | HP: 3/76 [seven-headed hydra (6)]
 24005 | Swamp:1  | Slain by a seven-headed hydra

Illustrated notes

Levels and vault maps discovered:
D:1:      arrival_zaba_pyramid, layout_basic,
          hellmonk_ecumenical_altar_crossroads
D:2:      layout_loops_ring, basic_altar
D:3:      layout_loops_ring, gup_sewer_entry_bowl, grunt_decor_mini_mirrors
D:4:      layout_loops_ring, mainiacjoe_overflow_alcove_4
D:5:      layout_basic, fedhas_bush_and_centaur_altar,
          grunt_temple_overflow_open, kennysheep_generic_room_9
D:6:      layout_cave_pools, minmay_temple_entry_wispy, minmay_puff
D:7:      layout_gridville, uniq_harold, uniq_menkaure, uniq_maggie
D:8:      layout_cave_pools, serial_shops, shop
D:9:      layout_roguey, serial_shops, shop, st_stairs_6
D:10:     kennysheep_big_flooded_room, layout_long_grid,
          nicolae_overflow_hidden_temple, david_orc_5
D:11:     layout_roguey, david_lair_generic, uniq_snorg, uniq_sonja
Lair:1:   beast_lair_carwin_large_3, layout_cave_pods
Lair:2:   layout_misc_corridors, hellmonk_spider_entry_life_and_decay,
          lemuel_old_faithful, lemuel_fruit_tree
Lair:3:   layout_gridlike, skrybe_swamp_entry_bodies, ebering_ghost_xom,
          nicolae_lair_run_with_the_wolves
Lair:4:   minmay_guarded_unrand_snakebite, layout_layer_cave,
          infiniplex_staircase_pool_2, uniq_nessos
Lair:5:   layout_loops_ring, dpeg_slime_entry_enclosed_altar
Lair:6:   hangedman_lair_in_review, layout_regular_city,
          guppyfry_lair_end_dragon
Swamp:1:  layout_basic_swamp, evilmike_swamp_ruin_wall, swamp_pool1,
          uniq_josephine, uniq_mlioglotl
Swamp:2:  layout_basic_swamp, nicolae_swamp_round_clearing, uniq_frances
Orc:1:    layout_caves, serial_shops, shop, nicolae_shop_statue_plus,
          nicolae_shop_bloodbath_and_beyond

Skill      XL: |  1  2  3  4  5  6  7  8  9 10 11 12 13 14 |
---------------+-------------------------------------------+-----
Spellcasting   | 4 5 6 7 9 10 11 13 14 15 17 | 17.9
Conjurations   | 5 6 7 8 9 10 11 12 13 14 15 | 15.6
Hexes          | 3 5 6 8 |  8.1
Translocations | 2 4 5 6 |  6.0
Air Magic      | 3 5 7 8 |  8.5
Fire Magic     | 2 6 8 9 |  9.8
Dodging        | 4 6 7 |  7.6
Stealth        | 5 7 8 |  8.3
Fighting       | 2 4 |  4.9

Action                   |  1- 3 |  4- 6 |  7- 9 | 10-12 | 13-15 || total
-------------------------+-------+-------+-------+-------+-------++-------
Melee: Dagger            |       |       |     1 |     2 |       ||     3
       Whip              |       |       |       |       |     8 ||     8
 Cast: Magic Dart        |    76 |    57 |   113 |   264 |   240 ||   750
       Searing Ray       |     5 |    10 |    45 |    14 |       ||    74
       Iskenderun's Myst |       |       |    21 |    80 |    76 ||   177
       Fulminant Prism   |       |       |    15 |    17 |    16 ||    48
       Swiftness         |       |       |     2 |     7 |     8 ||    17
       Iskenderun's Batt |       |       |       |    49 |    55 ||   104
       Sticky Flame      |       |       |       |     7 |    17 ||    24
       Lightning Bolt    |       |       |       |       |    19 ||    19
  Use: Scroll            |     3 |     4 |     7 |     7 |     3 ||    24
       Potion            |       |       |     1 |     1 |       ||     2
Armor: Robe              |     2 |     3 |     1 |       |       ||     6
       Leather armour    |       |       |     5 |     5 |     4 ||    14
       Troll leather arm |       |       |       |     7 |    17 ||    24
Dodge: Dodged            |    13 |     8 |    26 |    26 |    31 ||   104

Table legend: (Time is in decaauts)
 A = Elapsed time spent in this place.
 B = Non-inter-level travel time spent in this place.
 C = Inter-level travel time spent in this place.
 D = Time resting spent in this place.
 E = Time spent auto-exploring this place.
 F = Levels seen in this place.
 G = Mean time per level.
                   A        B        C        D        E       F      G
               +--------+--------+--------+--------+--------+-----+--------+
         Total |  24073 |  22282 |   1791 |   8579 |   9037 |  21 | 1146.3 |
       Dungeon |  14091 |  13075 |   1016 |   5145 |   5498 |  11 | 1281.0 |
          Lair |   9008 |   8259 |    749 |   2909 |   3482 |   6 | 1501.3 |
         Swamp |    666 |    641 |     25 |    383 |     53 |   2 |  333.0 |
  Orcish Mines |      9 |      9 |      0 |      0 |      0 |   1 |    9.0 |
         Sewer |    297 |    297 |      0 |    142 |      2 |   1 |  297.0 |
               +--------+--------+--------+--------+--------+-----+--------+

Top non-repeatable levels by time:
  Lair:6: 3281 daAuts
  Lair:4: 1854 daAuts
     D:5: 1786 daAuts
     D:7: 1537 daAuts
    D:10: 1494 daAuts
     D:6: 1492 daAuts
     D:9: 1411 daAuts
     D:8: 1158 daAuts
  Lair:5: 1127 daAuts
  Lair:1: 1113 daAuts
     D:2: 1099 daAuts
     D:1: 1097 daAuts
     D:3: 1034 daAuts
    D:11: 999 daAuts
     D:4: 980 daAuts
